 Dungeon Crawl Stone Soup version 0.31-a0-180-g519b7de00c (webtiles) character file.

Game seed: 3542803485855003507

14784 rabbitsville the Markskobold (level 12, -22/67 HPs)
             Began as a Kobold Hunter on June 19, 2023.
             Was an Elder of Hepliaklqana.
             Annihilated by an orc warlord
             ... wielding a +0 halberd
              (28 damage)
             ... on level 2 of the Orcish Mines on June 20, 2023.
             The game lasted 00:48:32 (11415 turns).

rabbitsville the Markskobold (Kobold Hunter)       Turns: 11415, Time: 00:48:33

Health: -22/67     AC: 15    Str:  8    XL:     12   Next: 49%
Magic:  20/20      EV: 15    Int: 16    God:    Hepliaklqana [****..]
Gold:   690        SH:  0    Dex: 24    Spells: 21/21 levels left

rFire   + + +        H - +0 orcbow
rCold   . . .        (shield currently unavailable)
rNeg    . . .        C - +1 scale mail {rF+}
rPois   .            R - +3 hat "Niynn" {Harm Rampage Slay+5 Stlth-}
rElec   .            F - scarf {rC+ rF+}
rCorr   .            E - +2 pair of gloves
SInv    .            p - +1 pair of boots {Stlth+}
Will    .....        (no amulet)
Stlth   ++++++       V - ring of fire
HPRegen 0.31/turn    v - +6 ring of intelligence
MPRegen 0.17/turn

%: harm (+30% outgoing, +20% incoming), rampage
@: no status effects
A: reduced essence, small, no large weapons, nightstalker 3
a: Renounce Religion, Recall Ancestor, Ancestor Identity, Transference, Idealise


You were on level 2 of the Orcish Mines.
You worshipped Hepliaklqana.
Hepliaklqana was greatly pleased with you.
You visited 2 branches of the dungeon, and saw 13 of its levels.
You visited 1 bazaar.
You also visited: Ossuary and Volcano.

You collected 1879 gold pieces.
You spent 1189 gold pieces at shops.

Inventory:

Hand Weapons
 a - the +5 sling of Due Proportion {flame, Dex+2}
   (You took it off an orc on level 5 of the Dungeon)

   Dex:       It affects your dexterity (+2).
 e - a +1 dagger of electrocution
 H - a +0 orcbow (weapon)
 S - the +9 staff of Olgreb {rPois∞}
   (You acquired it on level 8 of the Dungeon)

   It enhances your poison magic.
   It grants immunity to poison.
   It can be activated via the 'a'bility menu to radiate toxic energy, with
   effectiveness depending on Evocations skill.
 U - a +3 antimagic orcbow
Missiles
 J - 2 throwing nets
Armour
 c - a +0 leather armour
 d - a +0 cloak
 p - a +1 pair of boots of stealth (worn)
 u - a +0 helmet
 C - a +1 scale mail of fire resistance (worn)
 E - a +2 pair of gloves (worn)
 F - a scarf of resistance (worn)
 R - the +3 hat "Niynn" (worn) {Harm Rampage Slay+5 Stlth-}
   (You acquired it on level 8 of the Dungeon)

   Slay:      It affects your accuracy & damage with ranged weapons and melee
   (+5).
   Harm:      It increases damage dealt and taken.
   Rampage:   It bestows one free step when moving towards enemies.
   Stlth:     It makes you less stealthy.
 W - a +0 troll leather armour
Jewellery
 q - a ring of positive energy
 v - a +6 ring of intelligence (right hand)
 B - a ring of magical power
 V - a ring of fire (left hand)
Wands
 k - a wand of flame (83)
 A - a wand of paralysis (7)
 O - a wand of polymorph (2)
 P - a wand of roots (18)
 T - a wand of mindburst (10)
Scrolls
 b - a scroll of amnesia
 i - 3 scrolls of revelation {unknown}
 n - 3 scrolls of poison {unknown}
 o - 7 scrolls of identify {unknown}
 r - a scroll of immolation {unknown}
 s - a scroll of enchant armour {unknown}
 x - 7 scrolls of teleportation
 y - 4 scrolls of blinking
 z - 3 scrolls of fog
 D - 2 scrolls of summoning {unknown}
 K - a scroll of fear {unknown}
 M - a scroll of torment {unknown}
 Q - a scroll of noise {unknown}
 X - a scroll of vulnerability {unknown}
Potions
 f - 8 potions of enlightenment
 g - a potion of degeneration {unknown}
 h - a potion of resistance {unknown}
 j - 7 potions of curing
 l - 4 potions of heal wounds {unknown}
 m - a potion of invisibility {unknown}
 t - 2 potions of brilliance {unknown}
 w - 3 potions of berserk rage {unknown}
 G - 4 potions of attraction {unknown}
 I - 2 potions of cancellation {unknown}
 L - 4 potions of might
 N - 2 potions of lignification {unknown}
 Y - 2 potions of haste {unknown}
 Z - 3 potions of magic {unknown}


   Skills:
 - Level 8.5 Fighting
 * Level 15.1 Ranged Weapons
 - Level 9.1 Dodging
 + Level 13.2 Stealth
 + Level 5.4 Spellcasting
 + Level 5.4 Transmutations


You had 21 spell levels left.
You didn't know any spells.
Your spell library contained the following spells:

 Spells                   Type           Power      Damage    Failure   Level
 Spider Form              Tmut/Pois      12%        N/A       83%         3
 Ignite Poison            Fire/Tmut/Pois 15%        N/A       91%         3
 Ensorcelled Hibernation  Hex/Ice        8%         N/A       92%         2
 Scorch                   Fire           12%        2d5       92%         2
 Portal Projectile        Hex/Tloc       8%         N/A       99%         3
 Tukima's Dance           Hex            4%         N/A       99%         3
 Vhi's Electric Charge    Tloc/Air       8%         N/A       99%         3
 Volatile Blastmotes      Fire/Tloc      12%        2d11      99%         3
 Blade Hands              Tmut           10%        N/A       99%         5
 Anguish                  Hex/Necr       2%         N/A       100%        4
 Flame Wave               Conj/Fire      6%         2d5       100%        4
 Fulminant Prism          Conj/Hex       2%         3d5       100%        4
 Iskenderun's Mystic Bla  Conj/Tloc      4%         2d3       100%        4
 Sticky Flame             Conj/Fire      6%         2d3       100%        4
 Arcjolt                  Conj/Air       2%         1d12      100%        5
 Lee's Rapid Deconstruct  Erth           2%         3d4*      100%        5
 Plasma Beam              Fire/Air       3%         2x1d13    100%        6
 Summon Cactus Giant      Summ           2%         N/A       100%        6
 Ignition                 Fire           3%         3d4       100%        8


Dungeon Overview and Level Annotations

Branches:
Dungeon (11/15)            Temple (0/1) D:5            Lair (0/5) D:11
    Orc (2/2) D:9         Ossuary (visited)         Volcano (visited)
    Elf: Orc:2

Altars:
Gozag
Hepliaklqana
Makhleb
Trog
Wu Jian

Shops:
D:6 *   D:8 ?   D:9 !*((


Innate Abilities, Weirdness & Mutations

Your life essence is reduced to manifest your ancestor. (-10% HP)
You are small and have problems with some larger weapons.
You are completely attuned to the shadows.


Message History

The orc warlord hits you from afar with a +0 halberd.
You shoot an arrow. The arrow hits the orc warlord.
The orc warlord is severely wounded.
The orc warlord completely misses you.
You shoot an arrow.
The arrow barely misses the orc warlord.
The orc warlord hits you from afar with a +0 halberd!!
* * * LOW HITPOINT WARNING * * *
You are too injured to fight recklessly!
The orc warlord barely misses you.
You climb upwards.
There is a stone staircase leading down, spattered with blood here.
You start resting.
The sentinel's mark upon you fades away.
You start resting.
Marzana emerges from the mists of memory!
You start resting.
HP restored.
You climb downwards.
There is a stone staircase leading up, spattered with blood here.
An orc warlord is nearby!
You shoot an arrow. The arrow hits the orc warlord!
The orc warlord is lightly wounded.
Marzana closely misses the orc warlord.
The orc warlord hits you from afar with a +0 halberd!
There is a stone staircase leading up, spattered with blood here.
You shoot an arrow.
The arrow hits the orc warlord but does no damage.
The orc warlord is lightly wounded.
The orc warlord hits you from afar with a +0 halberd!
Marzana hits the orc warlord with a +0 flail.
The orc warlord closely misses you.
You shoot an arrow. The arrow hits the orc warlord!
The orc warlord is moderately wounded.
Marzana hits the orc warlord with a +0 flail.
An ogre comes into view. It is wielding a +0 giant spiked club.
The orc warlord hits you from afar with a +0 halberd!!
* * * LOW HITPOINT WARNING * * *
The orc warlord hits you from afar with a +0 halberd!!
You die...

####.......##
#.....h...#
...
##....#...#
...#
##.....#####
....##......#
....#..O...##
.......[[..#
.....R.)).##
.....o.@###
$........##
..........##
#.......<..#
............#
.............
###.......
.#......


You could see the friendly Marzana the knight, an orc warlord (ally target) and
an ogre.

Vanquished Creatures
  An ogre mage (Volcano)
  2 two-headed ogres
  Amaemon (D:11)
  A manticore (D:11)
  An orange demon (D:11)
  A komodo dragon (D:11)
  4 trolls
  Grinder (D:3)
  Sigmund (D:3)
  2 slime creatures (D:7)
  3 wyverns
  5 yaks (D:11)
  2 steam dragons
  A warg (Orc:2)
  6 water moccasins
  A hell hound (Orc:1)
  2 black bears
  3 ice beasts
  6 orc warriors
  3 centaurs
  2 ogres
  4 kobold brigands
  A phantom (D:5)
  A bullfrog (D:8)
  3 scorpions
  6 wights
  7 killer bees
  2 howler monkeys
  A hound (D:4)
  5 orc priests
  A gnoll bouda (D:6)
  3 iguanas
  Natasha (thrice) (D:4)
  A sleepcap (D:6)
  7 orc wizards
  8 mummies (Ossuary)
  Robin (D:3)
  15 gnolls
  15 adders
  2 shadow imps
  2 worms
  3 dart slugs
  35 orcs
  13 ball pythons
  5 bats
  8 endoplasms
  3 giant cockroaches
  2 gnoll zombies (Ossuary)
  15 goblins
  11 hobgoblins
  4 jackals (D:3)
  24 kobolds
  A quokka (D:4)
  4 frilled lizards
  A goblin zombie (D:7)
  A hobgoblin zombie (Ossuary)
  2 kobold zombies (Ossuary)
  2 orc zombies (Ossuary)
  7 rats
  A rat zombie (D:7)
279 creatures vanquished.

Vanquished Creatures (collateral kills)
  2 two-headed ogres (Volcano)
  2 cyclopes (D:11)
  An unseen horror (D:11)
  A vampire (D:10)
  A wraith (D:11)
  2 yaks (D:11)
  A warg (Orc:2)
  A water moccasin (D:6)
  A hell hound (Orc:1)
  3 orc warriors
  A sky beast (D:7)
  2 bullfrogs (D:11)
  A scorpion (D:11)
  2 wights
  3 killer bees
  A gnoll bouda (D:7)
  A hound (D:6)
  An orc priest (D:6)
  An iguana (D:6)
  An orc wizard (D:9)
  A gnoll (D:6)
  8 orcs
  A frilled lizard (D:6)
  5 kobolds
  An orc zombie (Ossuary)
45 creatures vanquished.

Vanquished Creatures (others)
  2 knights
  2 ancestors
4 creatures vanquished.

Grand Total: 328 creatures vanquished

Notes
Turn   | Place    | Note
-------+----------+-------------------------------------------
     0 | D:1      | rabbitsville the Kobold Hunter began the quest for the Orb.
     0 | D:1      | Reached XP level 1. HP: 12/12 MP: 1/1
    92 | D:1      | Reached XP level 2. HP: 18/18 MP: 2/2
   279 | D:1      | Reached XP level 3. HP: 22/22 MP: 3/3
   705 | D:2      | Reached XP level 4. HP: 27/27 MP: 4/4
   851 | D:2      | Found a bloodstained altar of Trog.
   934 | D:2      | Reached skill level 6 in Ranged Weapons
   990 | D:2      | Reached XP level 5. HP: 19/32 MP: 5/5
  1762 | D:3      | Reached XP level 6. HP: 37/37 MP: 6/6
  1765 | D:3      | Noticed Robin
  2118 | D:3      | Noticed Sigmund
  2130 | D:3      | Killed Sigmund
  2131 | D:3      | Reached XP level 7. HP: 40/43 MP: 7/7
  2220 | D:3      | Reached skill level 7 in Ranged Weapons
  2220 | D:3      | Reached skill level 5 in Stealth
  2341 | D:3      | Killed Robin
  2363 | D:3      | Found a faded altar of an unknown god.
  2406 | D:3      | Noticed Grinder
  2415 | D:3      | Paralysed by Grinder for 2 turns
  2422 | D:3      | Paralysed by Grinder for 2 turns
  2427 | D:3      | Killed Grinder
  2428 | D:3      | Reached skill level 5 in Dodging
  2853 | D:4      | Reached XP level 8. HP: 48/48 MP: 8/8
  2905 | D:4      | Reached skill level 5 in Fighting
  2952 | D:4      | Noticed Natasha
  2959 | D:4      | Killed Natasha
  3251 | D:4      | Reached skill level 8 in Ranged Weapons
  3292 | D:4      | Noticed Natasha
  3298 | D:4      | Killed Natasha
  3382 | D:4      | Noticed Natasha
  3388 | D:4      | Killed Natasha
  3528 | D:5      | Entered Level 5 of the Dungeon
  3844 | D:5      | Found a hazy altar of Hepliaklqana.
  3844 | D:5      | Found a burning altar of Makhleb.
  3884 | D:5      | Became a worshipper of Hepliaklqana the Forgotten
  4007 | D:5      | Reached XP level 9. HP: 46/55 MP: 9/9
  4088 | D:5      | Identified the +9 trident of the Thing {freeze, *Slow rC+
                  | Dex+3}
  4205 | D:5      | Found a staircase to the Ecumenical Temple.
  4278 | D:5      | Identified the +5 sling of Due Proportion {flame, Dex+2}
  4774 | D:6      | Reached skill level 9 in Ranged Weapons
  4927 | D:6      | Reached * piety under Hepliaklqana
  5060 | D:6      | Found Hobban's Elemental Accessories.
  5675 | D:7      | Found a sand-covered staircase.
  5684 | Ossuary  | Entered an ossuary
  6088 | D:7      | Reached skill level 10 in Ranged Weapons
  6163 | D:7      | Reached XP level 10. HP: 45/56 MP: 10/10
  6269 | D:7      | Noticed a two-headed ogre
  6275 | D:7      | Killed a two-headed ogre
  6276 | D:7      | Reached skill level 10 in Stealth
  6287 | D:7      | Reached ** piety under Hepliaklqana
  6288 | D:7      | Remembered your ancestor Marzana as a knight
  6351 | D:7      | Noticed a skeletal warrior
  7066 | D:8      | Reached skill level 11 in Ranged Weapons
  7685 | D:8      | Found Kioggoed's Magic Scroll Shop.
  7699 | D:8      | Bought a scroll of acquirement for 624 gold pieces
  7699 | D:8      | Bought a scroll of teleportation for 36 gold pieces
  7699 | D:8      | Bought a scroll of teleportation for 36 gold pieces
  7703 | D:8      | Acquired the +3 hat "Niynn" {Harm Rampage Slay+5 Stlth-}
  7714 | D:8      | Acquired the +9 staff of Olgreb {rPois∞}
  7714 | D:8      | Found the +9 staff of Olgreb {rPois∞}
  7716 | D:8      | Acquired 704 gold pieces
  7722 | D:8      | Bought a scroll of blinking for 90 gold pieces
  7722 | D:8      | Bought a scroll of teleportation for 36 gold pieces
  8045 | D:9      | Reached *** piety under Hepliaklqana
  8100 | D:9      | Reached skill level 1 in Spellcasting
  8100 | D:9      | Reached skill level 1 in Transmutations
  8273 | D:9      | Found a staircase to the Orcish Mines.
  8275 | D:9      | Found Weqaheah's Distillery.
  8279 | D:9      | Bought a potion of curing for 36 gold pieces
  8301 | D:9      | Found Sicaisoj's Assorted Antiques.
  8332 | D:9      | Found an opulent altar of Gozag.
  8350 | D:9      | Reached XP level 11. HP: 47/62 MP: 11/13
  8436 | D:9      | Reached skill level 12 in Ranged Weapons
  8450 | D:9      | Found an ornate altar of the Wu Jian Council.
  8546 | D:9      | Found Qair's Weapon Shop.
  8608 | D:9      | Found Weff's Antique Weapon Shop.
  8614 | D:9      | Bought a runed orcbow for 136 gold pieces
  8812 | D:10     | Entered Level 10 of the Dungeon
  9473 | D:11     | Noticed a cyclops
  9478 | D:11     | Killed a cyclops
  9494 | D:11     | Noticed Amaemon
  9508 | D:11     | Killed Amaemon
  9509 | D:11     | Reached skill level 13 in Ranged Weapons
  9642 | D:11     | Reached **** piety under Hepliaklqana
  9728 | D:11     | Found a flickering gateway to a bazaar.
  9735 | Bazaar   | Entered a bazaar
  9737 | Bazaar   | Found Saawkeot's Antique Weapon Boutique.
  9741 | Bazaar   | Found Arurubag's Book Boutique.
  9741 | Bazaar   | Found Kiratob's Armour Boutique.
  9745 | Bazaar   | Found Ilepaan's Antique Armour Boutique.
  9770 | Bazaar   | Bought a pair of embroidered boots for 195 gold pieces
  9854 | D:11     | Noticed a cyclops
  9859 | D:11     | Killed a cyclops
 10029 | D:11     | Found a staircase to the Lair.
 10201 | D:11     | Noticed a manticore
 10206 | D:11     | Killed a manticore
 10235 | D:11     | Reached skill level 14 in Ranged Weapons
 10256 | D:11     | Reached XP level 12. HP: 43/67 MP: 18/18
 10478 | Orc:1    | Entered Level 1 of the Orcish Mines
 10743 | Orc:1    | Found a dark tunnel.
 10751 | Volcano  | Entered a volcano
 10755 | Volcano  | Noticed a two-headed ogre
 10760 | Volcano  | Noticed a two-headed ogre
 10766 | Volcano  | Killed a two-headed ogre
 10792 | Volcano  | Noticed a two-headed ogre
 10793 | Volcano  | Noticed an ogre mage
 10797 | Volcano  | Killed a two-headed ogre
 10797 | Volcano  | Noticed a two-headed ogre
 10798 | Volcano  | Reached skill level 5 in Spellcasting
 10798 | Volcano  | Reached skill level 5 in Transmutations
 10802 | Volcano  | Killed an ogre mage
 10805 | Volcano  | Killed a two-headed ogre
 10806 | Volcano  | Reached skill level 15 in Ranged Weapons
 10990 | Orc:2    | Entered Level 2 of the Orcish Mines
 11012 | Orc:2    | Noticed an orc warlord
 11415 | Orc:2    | Annihilated by an orc warlord

Illustrated notes

Levels and vault maps discovered:
D:1:      reono_arrival_forest_river, layout_rooms
D:2:      layout_basic, basic_altar, minmay_strange_pillars,
          minmay_crystal_room, minmay_snake_closets
D:3:      layout_loops_ring, dreamdust_ecumenical_altar_hidden_monk_grotto,
          uniq_robin, uniq_sigmund, uniq_grinder
D:4:      layout_rooms, chequers_serial_rivers_room_b, minmay_misc_feat_cross,
          uniq_natasha
D:5:      layout_loops_ring, jmf_multi_god_temple,
          minmay_temple_entry_glassed_door, amcnicky_mini_rare_corridor_liquid,
          nicolae_the_louvre
D:6:      layout_cave_pools, nicolae_elemental_shop, lexackson_kobold_supper
D:7:      layout_cave_pools, enter_ossuary_4, kb_rosetta
D:8:      layout_loops_corners, serial_shops, shop, grunt_ministairs_7
D:9:      layout_cave_pools, mainiacjoe_overflow_tiny_flanked,
          grunt_gozag_statues, orc_0_dummy, serial_shops, nicolae_stop_n_shop_1,
          shop, shop, nicolae_shop_back_alley_shop,
          chequers_serial_rivers_micro_c
D:10:     layout_cave_pools, serial_park, serial_park_avenue1,
          serial_park_tiny_pond
D:11:     layout_small_grid, due_lair_maze_entry_diamond, serial_shops,
          bzr_in_the_mist, uniq_amaemon
Orc:1:    layout_caves, serial_shops, shop, enter_volcano_3,
          chequers_guarded_unrand_ignorance
Orc:2:    st_orc_elflike, layout_diamond_mine

Skill      XL: |  1  2  3  4  5  6  7  8  9 10 11 12 |
---------------+-------------------------------------+-----
Stealth        | 2 3 4 5 7 9 11 12 13 | 13.2
Dodging        | 3 4 5 6 8 9 |  9.1
Fighting       | 3 4 6 7 8 |  8.5
Ranged Weapons | 6 7 8 10 11 14 15 | 15.1
Spellcasting   | 1 4 5 |  5.4
Transmutations | 1 4 5 |  5.4

Action                     |  1- 3 |  4- 6 |  7- 9 | 10-12 || total
---------------------------+-------+-------+-------+-------++-------
  Melee: Unarmed           |       |       |     5 |       ||     5
         Dagger            |       |       |     1 |       ||     1
   Fire: Shortbow          |    64 |   184 |   230 |       ||   478
         Orcbow            |       |       |   155 |   389 ||   544
         Sling             |       |       |    22 |       ||    22
 Invoke: Recall Ancestor   |       |       |     1 |     1 ||     2
         Ancestor Identity |       |       |     1 |       ||     1
         Transference      |       |       |       |     1 ||     1
         Ancestor Life: Kn |       |       |       |     1 ||     1
    Use: Potion            |       |     2 |     2 |       ||     4
         Scroll            |       |     2 |       |     4 ||     6
 Armour: Leather armour    |     4 |    42 |    29 |    13 ||    88
         Troll leather arm |       |       |       |     8 ||     8
         Scale mail        |       |       |       |    11 ||    11
  Dodge: Dodged            |    15 |    96 |   174 |   122 ||   407

Table legend: (Time is in decaauts)
 A = Elapsed time spent in this place.
 B = Non-inter-level travel time spent in this place.
 C = Inter-level travel time spent in this place.
 D = Time resting spent in this place.
 E = Time spent auto-exploring this place.
 F = Levels seen in this place.
 G = Mean time per level.
                   A        B        C        D        E       F      G
               +--------+--------+--------+--------+--------+-----+--------+
         Total |  11495 |  11142 |    353 |    498 |   7355 |  16 |  718.4 |
       Dungeon |  10261 |   9926 |    335 |    216 |   6874 |  11 |  932.8 |
  Orcish Mines |    817 |    799 |     18 |    282 |    354 |   2 |  408.5 |
        Bazaar |     52 |     52 |      0 |      0 |      0 |   1 |   52.0 |
       Ossuary |    241 |    241 |      0 |      0 |     65 |   1 |  241.0 |
       Volcano |    123 |    123 |      0 |      0 |     62 |   1 |  123.0 |
               +--------+--------+--------+--------+--------+-----+--------+

Top non-repeatable levels by time:
     D:6: 1276 daAuts
     D:3: 1191 daAuts
     D:2: 1154 daAuts
     D:5: 1086 daAuts
     D:8: 1013 daAuts
     D:7: 875 daAuts
    D:11: 863 daAuts
     D:9: 816 daAuts
     D:4: 755 daAuts
   Orc:1: 711 daAuts
    D:10: 681 daAuts
     D:1: 544 daAuts
 Ossuary: 241 daAuts
 Volcano: 123 daAuts
   Orc:2: 106 daAuts
